 Dungeon Crawl Stone Soup version 0.30-a0-1043-g60ff8d5f49 (webtiles) character file.

Game seed: 13293514412266205743

262 Pimp the Shooter (level 5, -5/31 HPs)
             Began as a Deep Elf Hunter on Apr 10, 2023.
             Slain by a sleepcap (11 damage)
             ... on level 5 of the Dungeon.
             The game lasted 00:09:45 (3165 turns).

Pimp the Shooter (Deep Elf Hunter)                  Turns: 3165, Time: 00:09:45

Health: -5/31      AC:  7    Str:  8    XL:     5   Next: 97%
Magic:  11/11      EV:  2    Int: 14    God:
Gold:   227        SH:  0    Dex: 20    Spells: 10/10 levels left

rFire   + . .      SeeInvis .    a - +0 shortbow (flame)
rCold   . . .      Faith    .    (shield currently unavailable)
rNeg    + . .      Spirit   .    f - +1 scale mail
rPois   .          Reflect  .    (no helmet)
rElec   .          Rampage  .    (no cloak)
rCorr   .                        (no gloves)
Will    .....                    (no boots)
Stlth   +                        (no amulet)
HPRegen 0.25/turn                e - ring of positive energy
MPRegen 0.12/turn                h - ring of protection from fire

@: sleeping
A: no striking features
a: no special abilities


You were on level 5 of the Dungeon.
You visited 1 branch of the dungeon, and saw 5 of its levels.

You collected 227 gold pieces.

Inventory:

Hand Weapons
 a - a +0 shortbow of flaming (weapon)
 q - a +1 short sword of venom
Armour
 c - a +0 leather armour
 f - a +1 scale mail (worn)
Jewellery
 e - a ring of positive energy (left hand)
 h - a ring of protection from fire (right hand)
Scrolls
 b - 2 scrolls of immolation
 j - a scroll of acquirement {unknown}
 o - 3 scrolls of magic mapping
 t - a scroll of amnesia
Potions
 d - a potion of mutation {unknown}
 g - a potion of resistance
 i - a potion of ambrosia {unknown}
 k - a potion of berserk rage {unknown}
 l - a potion of flight {unknown}
 n - a potion of attraction {unknown}
 p - 2 potions of curing {unknown}
 r - a potion of brilliance {unknown}
 s - 2 potions of cancellation {unknown}
 u - 2 potions of lignification {unknown}


   Skills:
 + Level 2.5 Fighting
 + Level 6.3 Ranged Weapons
 + Level 1.4 Armour
 + Level 3.9 Dodging
 + Level 3.1 Stealth
 + Level 3.0 Spellcasting


You had 10 spell levels left.
You didn't know any spells.
Your spell library contained the following spells:

 Spells                   Type           Power      Damage    Failure   Level
 Lesser Beckoning         Tloc           4%         N/A       97%         2
 Gell's Gravitas          Tloc           2%         N/A       99%         3
 Ozocubu's Armour         Ice            2%         N/A       99%         3
 Teleport Other           Tloc           2%         N/A       99%         3
 Volatile Blastmotes      Fire/Tloc      4%         2d10      99%         3
 Fulminant Prism          Conj/Hex       1%         3d5       100%        4
 Iskenderun's Mystic Bla  Conj/Tloc      2%         2d3       100%        4
 Lee's Rapid Deconstruct  Erth           1%         3d4*      100%        5
 Dispersal                Tloc           1%         N/A       100%        6
 Ozocubu's Refrigeration  Ice            1%         4d7       100%        7


Dungeon Overview and Level Annotations

Branches:
Dungeon (5/15)
 Temple: D:4-7

Altars:

Shops:
D:2 :   D:5 [


Message History

An ogre comes into view. It is wielding a +0 giant club.
The ogre shouts!
Fire: a) +0 shortbow (flame)
Press: ? - help, Q - select action Shift-Dir - straight line, f - ogre
Aim: an ogre, wielding a +0 giant club (79% to hit)
You shoot an arrow. The arrow barely misses the ogre.
Fire: a) +0 shortbow (flame)
Press: ? - help, Q - select action Shift-Dir - straight line, f/p - ogre
Aim: an ogre, wielding a +0 giant club (79% to hit)
You shoot an arrow. The arrow barely misses the ogre.
Fire: a) +0 shortbow (flame)
Press: ? - help, Q - select action Shift-Dir - straight line, f/p - ogre
Aim: an ogre, wielding a +0 giant club (79% to hit)
You shoot an arrow. The arrow hits the ogre!
The arrow burns the ogre.
The ogre is moderately wounded.
As you read the scroll of teleportation, it crumbles to dust.
You feel strangely unstable. The ogre barely misses you.
The ogre attacks as you move away!
The ogre hits you with a +0 giant club!!
Ouch! That really hurt!
Fire: a) +0 shortbow (flame)
Press: ? - help, Q - select action Shift-Dir - straight line, f/p - ogre
Aim: an ogre, wielding a +0 giant club (moderately wounded, 79% to hit)
You shoot an arrow. The arrow hits the ogre!
The arrow burns the ogre.
The ogre is almost dead.
The ogre attacks as you move away! The ogre hits you with a +0 giant club.
* * * LOW HITPOINT WARNING * * *
Your surroundings suddenly seem different.
A sleepcap comes into view.
Fire: a) +0 shortbow (flame)
Press: ? - help, Q - select action Shift-Dir - straight line, f - sleepcap
Aim: a sleepcap (98% to hit)
You shoot an arrow. The arrow hits the sleepcap.
The arrow burns the sleepcap.
The sleepcap is lightly damaged.
The sleepcap releases spores at you.
* * * LOW HITPOINT WARNING * * *
You are engulfed in a cloud of soporific spores!
You fall asleep.
The sleepcap releases spores at you!
You die...

#..........
#..........
#.)........
...........
...........
..........
. .
...#######
......f@.#
.........#
.........#
.........#
##########


You could see a sleepcap.

Vanquished Creatures
  A phantom (D:5)
  A hound (D:4)
  An iguana (D:4)
  5 adders
  A worm (D:2)
  A dart slug (D:1)
  6 orcs
  7 ball pythons
  5 endoplasms
  6 giant cockroaches
  8 goblins
  4 hobgoblins
  3 jackals (D:4)
  9 kobolds
  8 bats
  4 frilled lizards
  5 rats
75 creatures vanquished.

Notes
Turn   | Place    | Note
-------+----------+-------------------------------------------
     0 | D:1      | Pimp the Deep Elf Hunter began the quest for the Orb.
     0 | D:1      | Reached XP level 1. HP: 12/12 MP: 3/3
   177 | D:1      | Reached XP level 2. HP: 17/17 MP: 4/4
   600 | D:1      | Found a faded altar of an unknown god.
   614 | D:1      | Reached skill level 1 in Spellcasting
   736 | D:2      | Reached XP level 3. HP: 21/21 MP: 6/6
  1229 | D:2      | Found Uzadon's Vocational Training.
  1453 | D:3      | Reached XP level 4. HP: 26/26 MP: 8/8
  2177 | D:4      | Reached skill level 1 in Armour
  2504 | D:4      | Reached skill level 6 in Ranged Weapons
  2504 | D:4      | Reached XP level 5. HP: 20/30 MP: 10/10
  3078 | D:5      | Entered Level 5 of the Dungeon
  3082 | D:5      | Found Xoemi's Armour Emporium.
  3086 | D:5      | Noticed a phantom
  3095 | D:5      | Killed a phantom
  3156 | D:5      | Noticed an ogre
  3165 | D:5      | Slain by a sleepcap

Illustrated notes

Levels and vault maps discovered:
D:1:      ncdulo_lavacross, layout_basic,
          dreamdust_ecumenical_altar_angels_and_demons, minmay_tromino_v2
D:2:      layout_loops_ring, nicolae_shop_vocational
D:3:      layout_basic, chequers_serial_rivers_small_a
D:4:      layout_loops_corners, nicolae_concentric_dashed_squares_wild
D:5:      layout_gridville, serial_shops, nicolae_shop_crystal

Skill      XL: |  1  2  3  4  5 |
---------------+----------------+-----
Spellcasting   | 1 2 3 |  3.0
Dodging        | 3 |  3.9
Stealth        | 2 3 |  3.1
Fighting       | 2 |  2.5
Armour         | 1 |  1.4
Ranged Weapons | 6 |  6.3

Action                     |  1- 3 |  4- 6 || total
---------------------------+-------+-------++-------
  Melee: Short sword       |       |    22 ||    22
         Punch             |       |     1 ||     1
   Fire: Shortbow          |   115 |    78 ||   193
    Use: Scroll            |     4 |     3 ||     7
         Potion            |     1 |       ||     1
 Armour: Leather armour    |     1 |       ||     1
         Scale mail        |    45 |    39 ||    84
  Dodge: Dodged            |    46 |    46 ||    92

Table legend: (Time is in decaauts)
 A = Elapsed time spent in this place.
 B = Non-inter-level travel time spent in this place.
 C = Inter-level travel time spent in this place.
 D = Time resting spent in this place.
 E = Time spent auto-exploring this place.
 F = Levels seen in this place.
 G = Mean time per level.
                   A        B        C        D        E       F      G
               +--------+--------+--------+--------+--------+-----+--------+
         Total |   3270 |   3016 |    254 |    147 |   2249 |   5 |  654.0 |
       Dungeon |   3270 |   3016 |    254 |    147 |   2249 |   5 |  654.0 |
               +--------+--------+--------+--------+--------+-----+--------+

Top non-repeatable levels by time:
     D:4: 1083 daAuts
     D:1: 759 daAuts
     D:2: 753 daAuts
     D:3: 579 daAuts
     D:5: 94 daAuts
